 Dungeon Sprint DCSS version 0.27-a0-401-gea03ee85fd (webtiles) character file.

Game seed: 8783653607558223986

51 mhtbhm the Covered (level 3, -5/54 HPs)
             Began as a Minotaur Fighter on Feb 21, 2021.
             Was a Believer of Trog.
             Slain by an ogre
             ... wielding a +0 giant club
              (17 damage)
             ... in the Dungeon (Sprint VII: "The Pits").
             The game lasted 00:00:34 (382 turns).

mhtbhm the Covered (Minotaur Fighter)                Turns: 382, Time: 00:00:35

Health: -5/54      AC:  7    Str: 21    XL:     3   Next: 58%
Magic:  2/2        EV:  8    Int:  5    God:    Trog [**....]
Gold:   0          SH: 10    Dex:  9    Spells: 2/2 levels left

rFire    . . .     SeeInvis .   a - +2 hand axe
rCold    . . .     Faith    .   c - +0 kite shield
rNeg     . . .     Spirit   .   b - +0 scale mail
rPois    .         Reflect  .   (helmet restricted)
rElec    .         Harm     .   (no cloak)
rCorr    .         Rampage  .   (no gloves)
Will     .....     NoTele   +   (no boots)
Stlth    ..........             (no amulet)
HPRegen  0.18/turn              (no ring)
MPRegen  0.08/turn              (no ring)

@: berserking, very quick
A: retaliatory headbutt, horns 2
a: Renounce Religion, Berserk, Trog's Hand


You were in the Dungeon.
You worshipped Trog.
Trog was pleased with you.
You visited 1 branch

Inventory:

Hand Weapons
 a - a +2 hand axe (weapon)
Armour
 b - a +0 scale mail (worn)
 c - a +0 kite shield (worn)
Scrolls
 j - a scroll of blinking
 l - a scroll of summoning
Potions
 d - a potion of might
 f - a potion of heal wounds
 g - a potion of haste
 h - 4 potions of magic
 i - 3 potions of berserk rage
 k - 2 potions of invisibility


   Skills:
 + Level 5.4 Fighting
 + Level 4.3 Axes
 + Level 6.0 Armour
 + Level 0.8 Dodging
 + Level 5.7 Shields


You had 2 spell levels left.
You didn't know any spells.
Your spell library was empty.

Dungeon Overview and Level Annotations

Branches:
Dungeon (1/1)

Altars:
Cheibriados
Dithmenos
Elyvilon
Fedhas
Gozag
Hepliaklqana
Makhleb
Nemelex Xobeh
Okawaru
Qazlal
Ru
Sif Muna
Trog
Vehumet
Wu Jian
Xom
Yredelemnul
Zin
The Shining One
Beogh
Jiyva
Lugonu


Innate Abilities, Weirdness & Mutations

You reflexively headbutt those who attack you in melee.
You have a pair of horns on your head.


Message History

* * * LOW HITPOINT WARNING * * *
You feel sick.
There is a lethal amount of poison in your body!
There is a lethal amount of poison in your body!
You feel better.
You start resting.
You feel yourself speed up.
You start resting.
You recover from your berserk rage.
You see here a leopard gecko corpse.
You start resting.
HP restored.
There is an open door here.
An orc and an ogre come into view.
The ogre shouts!
You hit the ogre.
The ogre is lightly wounded.
You hit the orc but do no damage. The orc closely misses you.
The ogre hits you with a +0 giant club!
You slash the ogre! You headbutt the ogre.
The ogre is heavily wounded.
You closely miss the orc. The orc hits you with a +0 flail.
The ogre hits you with a +0 giant club!!
Ouch! That really hurt!
* * * LOW HITPOINT WARNING * * *
You are too injured to fight recklessly!
You are too injured to fight recklessly!
You are too injured to fight recklessly!
You are too injured to fight recklessly!
You are too injured to fight recklessly!
You are too injured to fight recklessly!
You are too injured to fight recklessly!
You are too injured to fight recklessly!
You are too injured to fight recklessly!
Unknown command.
The orc barely misses you.
A red film seems to cover your vision as you go berserk!
You feel yourself moving faster!
You feel mighty! You block the orc's attack.
The ogre hits you with a +0 giant club!
You die...

#..........)'.........
#+#####'#####......#..
#..#).# #.........
#..'..# ####'#####
#..#### #.......#
#..#..# #.......#
#.†#..# #.......#
##'#o.#+###...<...#
#..@O....##.......#
#........##.......#
###########.......#
#########


You could see an ogre and an orc.

Vanquished Creatures
  A worker ant (D)
  2 adders (D)
  A leopard gecko (D)
  An orc (D)
  A ball python (D)
  A hobgoblin (D)
  A rat (D)
8 creatures vanquished.

Notes
Turn   | Place    | Note
-------+----------+-------------------------------------------
     0 | D        | mhtbhm the Minotaur Fighter began the quest for the Orb.
     0 | D        | Reached XP level 1. HP: 19/19 MP: 0/0
    22 | D        | Found a bloodstained altar of Trog.
    22 | D        | Found a shimmering blue altar of Sif Muna.
    22 | D        | Found a viscous altar of Jiyva.
    22 | D        | Found a hazy altar of Hepliaklqana.
    22 | D        | Found an opulent altar of Gozag.
    23 | D        | Found a glowing golden altar of the Shining One.
    23 | D        | Found a glowing silver altar of Zin.
    23 | D        | Found a basalt altar of Yredelemnul.
    23 | D        | Found a shimmering altar of Xom.
    23 | D        | Found an ornate altar of the Wu Jian Council.
    23 | D        | Found a sacrificial altar of Ru.
    23 | D        | Found a stormy altar of Qazlal.
    23 | D        | Found an iron altar of Okawaru.
    23 | D        | Found a sparkling altar of Nemelex Xobeh.
    23 | D        | Found a burning altar of Makhleb.
    23 | D        | Found a blossoming altar of Fedhas.
    23 | D        | Found a white marble altar of Elyvilon.
    23 | D        | Found a shadowy altar of Dithmenos.
    23 | D        | Found a snail-covered altar of Cheibriados.
    25 | D        | Found a radiant altar of Vehumet.
    25 | D        | Found a corrupted altar of Lugonu.
    25 | D        | Found a roughly hewn altar of Beogh.
    27 | D        | Became a worshipper of Trog the Wrathful
    66 | D        | Reached skill level 4 in Armour
    73 | D        | Reached XP level 2. HP: 23/28 MP: 1/1
   158 | D        | Reached * piety under Trog
   171 | D        | Reached skill level 5 in Armour
   215 | D        | Reached ** piety under Trog
   216 | D        | Reached skill level 5 in Fighting
   216 | D        | Reached skill level 5 in Shields
   228 | D        | Reached skill level 6 in Armour
   228 | D        | Reached XP level 3. HP: 17/36 MP: 2/2
   377 | D        | Noticed an ogre
   382 | D        | Slain by an ogre

Illustrated notes

Levels and vault maps discovered:
D:        pitsprint [storerooms_1, entrance_room_1, metal_vault_8, armoury_1,
          mini_pit_1, grid_room_1, main_hall_1, silver_pit, the_coven_2,
          the_vestibule_1, steel_vault_2, golden_pit, hallway_of_sentries,
          crystal_vault_2, iron_vault_4, final_vault]

Skill      XL: |  1  2 |
---------------+-------+-----
Fighting       | 4 5 |  5.4
Armour         | 4 6 |  6.0
Shields        | 4 5 |  5.7
Axes           | 3 4 |  4.3
Dodging        | |  0.8

Action                   || total
-------------------------++-------
Melee: Hand axe          ||    36
       War axe           ||     8
       Headbutt          ||     3
Invok: Berserk           ||     2
  Use: Potion            ||     1
Armor: Scale mail        ||    21
Dodge: Dodged            ||    10
Block: Kite shield       ||    28

Table legend: (Time is in decaauts)
 A = Elapsed time spent in this place.
 B = Non-inter-level travel time spent in this place.
 C = Inter-level travel time spent in this place.
 D = Time resting spent in this place.
 E = Time spent auto-exploring this place.
 F = Levels seen in this place.
 G = Mean time per level.
                   A        B        C        D        E       F      G
               +--------+--------+--------+--------+--------+-----+--------+
         Total |    409 |    409 |      0 |    266 |      0 |   1 |  409.0 |
       Dungeon |    409 |    409 |      0 |    266 |      0 |   1 |  409.0 |
               +--------+--------+--------+--------+--------+-----+--------+

Top non-repeatable levels by time:
       D: 409 daAuts
